 Dungeon Sprint DCSS version 0.29-a0-221-gceb61267dd (webtiles) character file.

Game seed: 2904657410047035694

1537 mhtbhm the Cleaver (level 8, -11/82 HPs)
             Began as a Purple Draconian Berserker on Feb 27, 2022.
             Was an Elder of Trog.
             Mangled by a two-headed ogre
             ... wielding a +0 giant spiked club
              (20 damage)
             ... in the Dungeon (Sprint IX: "|||||||||||||||||||||||||||||").
             The game lasted 00:00:42 (586 turns).

mhtbhm the Cleaver (Purple Draconian Berserker)      Turns: 586, Time: 00:00:43

Health: -11/82     AC:  8    Str: 21    XL:     8   Next: 56%
Magic:  8/8        EV: 17    Int: 12    God:    Trog [****..]
Gold:   0          SH:  0    Dex: 10    Spells: 7/7 levels left

rFire   . . .      SeeInvis .   a - +1 broad axe (freeze)
rCold   . . .      Faith    .   (no shield)
rNeg    . . .      Spirit   .   (body armour unavailable)
rPois   .          Reflect  .   (helmet restricted)
rElec   .          Harm     .   j - +0 cloak
rCorr   .          Rampage  .   k - +0 pair of gloves
Will    +....      NoTele   +   (no boots)
Stlth   ++........              (no amulet)
HPRegen 0.23/turn               l - +3 ring of intelligence
MPRegen 0.11/turn               m - +2 ring of evasion

@: on berserk cooldown, slowed, very slow
A: breathe power, AC +6, unfitting armour, cold-blooded
a: Breathe Dispelling Energy, Renounce Religion, Berserk, Trog's Hand, Brothers
in Arms


You were in the Dungeon.
You worshipped Trog.
Trog was greatly pleased with you.
You visited 1 branch

Inventory:

Hand Weapons
 a - a +1 broad axe of freezing (weapon)
Armour
 j - a +0 cloak (worn)
 k - a +0 pair of gloves (worn)
Jewellery
 l - a +3 ring of intelligence (left hand)
 m - a +2 ring of evasion (right hand)
Wands
 i - a wand of iceblast (10)
Scrolls
 g - 2 scrolls of blinking
Potions
 b - 5 potions of curing
 c - 3 potions of heal wounds
 d - a potion of haste
 e - 4 potions of magic
 f - a potion of berserk rage
 h - a potion of invisibility


   Skills:
 + Level 11.4 Fighting
 + Level 13.2 Axes
 + Level 9.7 Dodging
 + Level 2.0 Stealth


You had 7 spell levels left.
You didn't know any spells.
Your spell library was empty.

Dungeon Overview and Level Annotations

Branches:
Dungeon (1/1)

Altars:
Cheibriados
Dithmenos
Elyvilon
Fedhas
Gozag
Hepliaklqana
Kikubaaqudgha
Makhleb
Nemelex Xobeh
Okawaru
Qazlal
Ru
Sif Muna
Trog
Uskayaw
Vehumet
Wu Jian
Xom
Yredelemnul
Zin
The Shining One
Beogh
Jiyva
Lugonu


Innate Abilities, Weirdness & Mutations

You can breathe bolts of dispelling energy.
Your rich purple scales are hard. (AC +6)
You cannot fit into any form of body armour.
You are cold-blooded and may be slowed by cold attacks.


Message History

You are exhausted.
You feel yourself slow down. The two-headed ogre closely misses you.
The two-headed ogre hits you with a +0 great mace!!
You slash the two-headed ogre! You freeze the two-headed ogre!
You tail-slap the two-headed ogre.
The two-headed ogre is severely wounded.
The two-headed ogre barely misses you. x2
You barely miss the two-headed ogre.
The two-headed ogre is severely wounded.
The two-headed ogre closely misses you.
The two-headed ogre hits you with a +0 great mace!
* * * LOW HITPOINT WARNING * * *
You slice the two-headed ogre!! You freeze the two-headed ogre.
You kill the two-headed ogre!
Trog accepts your kill.
Your Fighting skill increases to level 11!
Your Axes skill gained 2 levels and is now at level 13!
Your Dodging skill increases to level 9!
Your Stealth skill increases to level 2!
You have reached level 8!
You feel clever.
You slash the kobold brigand! You freeze the kobold brigand.
The kobold brigand is severely wounded.
The kobold brigand barely misses you. The kobold brigand closely misses you.
Unknown command.
You hit the kobold brigand. You freeze the kobold brigand.
Your tail-slap misses the kobold brigand.
The kobold brigand is almost dead.
The kobold brigand hits you with a +0 short sword.
* * * LOW HITPOINT WARNING * * *
You closely miss the kobold brigand.
The kobold brigand is almost dead.
The kobold brigand hits you with a +0 short sword.
* * * LOW HITPOINT WARNING * * *
You hit the kobold brigand. You freeze the kobold brigand.
You kill the kobold brigand!
Trog accepts your kill.
You are no longer corroded.
The two-headed ogre hits you with a +0 giant spiked club!!
You die... ▓▓▓▓▓▓▓▓▓▓▓▓▓▓▓▓▓▓▓▓▓▓▓ _____'.?)...[..)@O....+ ▓▓▓▓▓▓▓▓▓▓▓▓▓▓▓▓▓▓▓▓▓▓▓

You could see a two-headed ogre.

Vanquished Creatures
  2 two-headed ogres (D)
  A yak (D)
  An acid dragon (D)
  An ice beast (D)
  A kobold brigand (D)
  An iguana (D)
  2 orcs (D)
  2 endoplasms (D)
  A hobgoblin (D)
  A quokka (D)
  A bat (D)
  A frilled lizard (D)
15 creatures vanquished.

Notes
Turn   | Place    | Note
-------+----------+-------------------------------------------
     0 | D        | mhtbhm the Draconian Berserker began the quest for the Orb.
     0 | D        | Reached XP level 1. HP: 19/19 MP: 1/1
    11 | D        | Reached ** piety under Trog
   115 | D        | Noticed an ice beast
   115 | D        | Noticed an iguana
   127 | D        | Killed an ice beast
   127 | D        | Reached *** piety under Trog
   128 | D        | Reached skill level 6 in Axes
   128 | D        | Reached skill level 5 in Dodging
   128 | D        | Reached XP level 2. HP: 23/30 MP: 2/2
   128 | D        | Reached XP level 3. HP: 28/37 MP: 3/3
   128 | D        | Reached XP level 4. HP: 34/44 MP: 4/4
   502 | D        | Found a snail-covered altar of Cheibriados.
   502 | D        | Found a shadowy altar of Dithmenos.
   502 | D        | Found a white marble altar of Elyvilon.
   502 | D        | Found a blossoming altar of Fedhas.
   502 | D        | Found an opulent altar of Gozag.
   503 | D        | Found a hazy altar of Hepliaklqana.
   504 | D        | Found a viscous altar of Jiyva.
   505 | D        | Found an ancient bone altar of Kikubaaqudgha.
   506 | D        | Found a corrupted altar of Lugonu.
   507 | D        | Found a burning altar of Makhleb.
   508 | D        | Found a sparkling altar of Nemelex Xobeh.
   509 | D        | Found an iron altar of Okawaru.
   510 | D        | Found a stormy altar of Qazlal.
   511 | D        | Found a sacrificial altar of Ru.
   512 | D        | Found a shimmering blue altar of Sif Muna.
   513 | D        | Found a bloodstained altar of Trog.
   514 | D        | Found a hide-covered altar of Uskayaw.
   515 | D        | Found a radiant altar of Vehumet.
   516 | D        | Found an ornate altar of the Wu Jian Council.
   517 | D        | Found a shimmering altar of Xom.
   518 | D        | Found a basalt altar of Yredelemnul.
   519 | D        | Found a glowing silver altar of Zin.
   520 | D        | Found a glowing golden altar of the Shining One.
   561 | D        | Noticed a two-headed ogre
   561 | D        | Noticed an acid dragon
   561 | D        | Noticed a yak
   561 | D        | Noticed a two-headed ogre
   561 | D        | Noticed a kobold brigand
   561 | D        | Noticed a two-headed ogre
   568 | D        | Killed a two-headed ogre
   569 | D        | Reached skill level 11 in Axes
   569 | D        | Reached skill level 1 in Stealth
   569 | D        | Reached XP level 5. HP: 58/58 MP: 5/5
   569 | D        | Reached XP level 6. HP: 66/66 MP: 6/6
   569 | D        | Your scales start taking on a rich purple colour.
   569 | D        | Reached XP level 7. HP: 71/71 MP: 7/7
   574 | D        | Reached **** piety under Trog
   575 | D        | Reached skill level 10 in Fighting
   578 | D        | Killed a yak
   582 | D        | Killed a two-headed ogre
   583 | D        | Reached skill level 13 in Axes
   583 | D        | Reached XP level 8. HP: 13/82 MP: 8/8
   586 | D        | Mangled by a two-headed ogre

Illustrated notes

Levels and vault maps discovered:
D:        linesprint [early_d, line_temple, items_1, d_10, items_2, lair_1,
          lair_end, items_3, orc_1, orc_end, items_4, d_15, swamp_1, shoals_1,
          snake_1, spider_1, d_20, vaults_1, items_5, swamp_end, shoals_end,
          snake_end, spider_end, vaults_end, d_27, items_6, zot_1, zot_end,
          crypt_end, forest_end, elf_end, slime_end, tomb_end, abyss_end,
          pan_hell_end]

Skill      XL: |  1  2  3  4  5  6  7 |
---------------+----------------------+-----
Dodging        | 5 8 9 |  9.7
Fighting       | 6 9 11 | 11.4
Axes           | 6 11 13 | 13.2
Stealth        | 1 2 |  2.0

Action                   |  1- 3 |  4- 6 |  7- 9 || total
-------------------------+-------+-------+-------++-------
Melee: Hand axe          |    32 |    10 |       ||    42
       Tailslap          |     3 |     1 |     1 ||     5
       Broad axe         |       |     6 |    16 ||    22
       Punch             |       |       |     2 ||     2
Invok: Berserk           |     1 |     2 |       ||     3
Armor: Skin              |    12 |     1 |       ||    13
Dodge: Dodged            |    24 |    14 |    13 ||    51

Table legend: (Time is in decaauts)
 A = Elapsed time spent in this place.
 B = Non-inter-level travel time spent in this place.
 C = Inter-level travel time spent in this place.
 D = Time resting spent in this place.
 E = Time spent auto-exploring this place.
 F = Levels seen in this place.
 G = Mean time per level.
                   A        B        C        D        E       F      G
               +--------+--------+--------+--------+--------+-----+--------+
         Total |    608 |    608 |      0 |    375 |     87 |   1 |  608.0 |
       Dungeon |    608 |    608 |      0 |    375 |     87 |   1 |  608.0 |
               +--------+--------+--------+--------+--------+-----+--------+

Top non-repeatable levels by time:
       D: 608 daAuts
